 Dungeon Crawl Stone Soup version 0.30.0-29-ga12c61a403 (webtiles) character file.

Game seed: 10372216139884939680

71 booth the Conjurer (level 4, -8/31 (34) HPs)
             Began as a Demonspawn Reaver on June 24, 2023.
             Mangled by a gnoll
             ... wielding a +0 halberd
              (14 damage)
             ... on level 2 of the Dungeon.
             The game lasted 00:10:56 (1820 turns).

booth the Conjurer (Demonspawn Reaver)              Turns: 1820, Time: 00:10:57

HP:   -8/31 (34)    AC:  5    Str: 14    XL:     4   Next: 5%
MP:   7/7           EV: 11    Int: 15    God:
Gold: 85            SH:  0    Dex: 11    Spells: 1/7 levels left

rFire   . . .        a - +0 hand axe
rCold   . . .        (no shield)
rNeg    . . .        b - +1 leather armour
rPois   .            (no helmet)
rElec   .            (no cloak)
rCorr   .            (no gloves)
SInv    .            j - +0 pair of boots
Will    .....        (no amulet)
Stlth   +            i - ring of wizardry
HPRegen 0.25/turn    (no ring)
MPRegen 0.10/turn

%: wizardry (x1)
@: drained
A: hooves 1, foul stench 1
a: no special abilities


You were on level 2 of the Dungeon.
You visited 1 branch of the dungeon, and saw 2 of its levels.

You collected 115 gold pieces.
You spent 30 gold pieces at shops.

Inventory:

Hand Weapons
 a - a +0 hand axe (weapon)
Missiles
 c - 2 javelins
Armour
 b - a +1 leather armour (worn)
 j - a +0 pair of boots (worn)
Jewellery
 i - a ring of wizardry (left hand)
Wands
 o - a wand of flame (19)
Scrolls
 d - a scroll of fog {unknown}
 f - a scroll of magic mapping {unknown}
 h - a scroll of immolation
 m - a scroll of identify {unknown}
 n - a scroll of noise {unknown}
 r - a scroll of amnesia
Potions
 e - a potion of magic {unknown}
 g - a potion of invisibility {unknown}
 k - a potion of curing
 l - a potion of lignification {unknown}
 p - 2 potions of brilliance {unknown}
 q - a potion of heal wounds {unknown}


   Skills:
 + Level 2.5 Fighting
 + Level 3.1 Axes
 + Level 2.3 Dodging
 + Level 2.4 Spellcasting
 + Level 3.4 Conjurations


You had one spell level left.
You knew the following spells:

 Your Spells              Type           Power      Damage    Failure   Level
a - Kiss of Death         Conj/Necr      28%        2d7       5%          1
b - Momentum Strike       Conj/Tloc      14%        3d8       9%          2
c - Hailstorm             Conj/Ice       7%         3d4       16%         3

Your spell library contained the following spells:

 Spells                   Type           Power      Damage    Failure   Level
 Magic Dart               Conj           48%        1d5       2%          1
 Call Imp                 Summ           2%         N/A       16%         2
 Mephitic Cloud           Conj/Pois/Air  5%         N/A       21%         3


Dungeon Overview and Level Annotations

Branches:
Dungeon (2/15)

Altars:

Shops:
D:1 !


Innate Abilities, Weirdness & Mutations

You have large cloven feet.
You may rarely emit foul miasma when damaged in melee.


Message History

You hit the hobgoblin.
The hobgoblin is moderately wounded.
The hobgoblin hits you but does no damage.
You hit the hobgoblin but do no damage.
The hobgoblin is moderately wounded.
The hobgoblin completely misses you.
You hit the hobgoblin.
You kill the hobgoblin!
A gnoll comes into view. It is wielding a +0 halberd.
A gnoll is nearby!
A gnoll comes into view. It is wielding a +0 spear.
The gnoll hits you with a +0 halberd.
You hit the gnoll.
The gnoll is moderately wounded.
The gnoll hits you with a +0 halberd.
You closely miss the gnoll.
The gnoll is moderately wounded.
You hit the gnoll.
The gnoll is severely wounded.
The gnoll closely misses you. The gnoll misses you.
You closely miss the gnoll.
The gnoll is severely wounded.
The gnoll hits you from afar with a +0 spear.
The gnoll hits you with a +0 halberd.
You hit the gnoll but do no damage.
The gnoll is severely wounded.
The gnoll closely misses you. x2
The gnoll hits you but does no damage. The gnoll hits you with a +0 halberd!
* * * LOW HITPOINT WARNING * * *
You hit the gnoll.
The gnoll is lightly wounded.
You barely miss the gnoll. The gnoll hits you with a +0 spear.
* * * LOW HITPOINT WARNING * * *
You emit a cloud of foul miasma!
The gnoll completely misses you.
You closely miss the gnoll.
The gnoll is severely wounded.
You hit the gnoll.
The gnoll is engulfed in dark miasma.
The gnoll is poisoned.
The gnoll seems to slow down.
The gnoll closely misses you. The gnoll hits you with a +0 halberd!
You die...

.# .# .# .# ## ##
####### .. ####
###.....# .# ...#
#.......# ..# ##.#
#.#...g.#...###
#.#
#.#....@g......
#.#
####....##########
#.####.......#
#.......
#............#
###......#.
#..<.........#
#.........
##............#
#........
..............#
#......#.#.#.##..
###....###....#
#......#......#.#
#....# #.##.#
#......#.#......#


You could see 2 gnolls.

Vanquished Creatures
  A gnoll (D:2)
  An adder (D:2)
  A dart slug (D:1)
  6 endoplasms
  3 giant cockroaches (D:2)
  4 goblins
  6 hobgoblins
  4 jackals (D:1)
  4 kobolds (D:1)
  2 quokkas
  6 ball pythons
  A bat (D:1)
  4 frilled lizards
  4 rats (D:1)
47 creatures vanquished.

Notes
Turn   | Place    | Note
-------+----------+-------------------------------------------
     0 | D:1      | booth the Demonspawn Reaver began the quest for the Orb.
     0 | D:1      | Reached XP level 1. HP: 16/16 MP: 3/3
   187 | D:1      | Gained mutation: You have large cloven feet. [demonic
                  | ancestry]
   187 | D:1      | Reached XP level 2. HP: 19/22 MP: 5/5
   490 | D:1      | Learned a level 2 spell: Momentum Strike
   724 | D:1      | Found Xahaplami's Distillery.
   784 | D:1      | Bought a potion of curing for 30 gold pieces
   846 | D:1      | Gained mutation: You may rarely emit foul miasma when
                  | damaged in melee. [demonic ancestry]
   846 | D:1      | Reached XP level 3. HP: 28/28 MP: 6/6
   850 | D:1      | Learned a level 3 spell: Hailstorm
  1684 | D:2      | Reached XP level 4. HP: 11/31 MP: 5/7
  1820 | D:2      | Mangled by a gnoll

Illustrated notes

Levels and vault maps discovered:
D:1:      dpeg_arrival_rooms_c, layout_loops_corners, serial_shops,
          nicolae_shop_window_shopping, chequers_arboretum, minmay_statues_item,
          minmay_tromino_i4
D:2:      layout_basic, shapermc_ecumenical_altar_pompeii,
          minmay_worlds_worst_comb

Skill      XL: |  1  2 |
---------------+-------+-----
Dodging        | 2 |  2.3
Axes           | 3 |  3.1
Fighting       | |  2.5
Spellcasting   | |  2.4
Conjurations   | |  3.4

Action                     |  1- 3 |  4- 6 || total
---------------------------+-------+-------++-------
  Melee: Hand axe          |   147 |    11 ||   158
         Punch             |     2 |       ||     2
         Kick              |     8 |       ||     8
   Cast: Kiss of Death     |     1 |       ||     1
    Use: Scroll            |     4 |       ||     4
         Potion            |     1 |       ||     1
 Armour: Leather armour    |    31 |     2 ||    33
  Dodge: Dodged            |    79 |     8 ||    87
